Map: Neon Violet Square LE

Players

Tarrantius

  • Race: Protoss Protoss
  • League: Grandmaster
  • Spawn Location: 5:00

TheNotorious - Winner!

  • Race: Protoss Protoss
  • League: Master
  • Spawn Location: 11:00

VOD

Have the link to the VOD?

Description

Time

  • Played on: Dec. 14, 2017, 4:53 a.m.
  • Length: 9:03
Show
View Real Time Build Order
Export as new Build Order

Tarrantius Protoss 

Build Orders: Oracle Opening 

Get SALT Encoding   

  12  0:01  Probe  
  13  0:13  Probe  
  14  0:18  Pylon  
  14  0:25  Probe (Chrono Boost)  
  15  0:38  Probe (Chrono Boost)  
  15  0:39  Gateway  
  17  0:44  Probe (Chrono Boost)  
  17  0:47  Assimilator  
  17  0:52  Probe  
  17  0:56  Assimilator  
  18  1:04  Probe (Chrono Boost)  
  18  1:09  Gateway  
  19  1:16  Probe (Chrono Boost)  
  20  1:22  Probe (Chrono Boost)  
  21  1:26  Cybernetics Core  
  21  1:30  Probe  
  22  1:38  Pylon  
  22  1:42  Probe  
  23  2:00  Probe  
  24  2:03  Adept x2, Warp Gate  
  28  2:13  Stargate  
  28  2:20  Pylon  
  28  2:36  Stalker  
  30  2:37  Stalker  
  33  3:07  Oracle (Chrono Boost)  
  33  3:11  Nexus  
  33  3:18  Shield Battery  
  33  3:20  Probe  
  34  3:33  Probe  
  38  3:44  Pylon  
  38  3:45  Probe  
  39  3:57  Probe  
  39  3:59  Twilight Council  
  39  4:00  Gateway  
  35  4:09  Shield Battery  
  35  4:13  Sentry  
  35  4:14  Stalker  
  39  4:26  Probe  
  39  4:27  Probe  
  41  4:34  Shield Battery  
  41  4:36  Blink (Chrono Boost)  
  41  4:37  Sentry  
  43  4:42  Probe (Chrono Boost)  
  43  4:43  Probe (Chrono Boost)  
  42  4:48  Stalker  
  44  4:54  Probe (Chrono Boost)  
  44  4:59  Stalker  
  48  5:01  Probe (Chrono Boost)  
  48  5:02  Probe  
  49  5:12  Stalker  
  49  5:13  Stalker  
  50  5:16  Probe  
  50  5:17  Probe  
  52  5:28  Stalker, Probe  
  53  5:29  Probe  
  56  5:40  Stalker, Probe  
  56  5:41  Probe  
  59  5:43  Pylon  
  55  5:52  Probe  
  55  5:53  Probe  
  53  5:57  Robotics Facility  
  53  6:04  Probe  
  53  6:06  Probe  
  55  6:13  Stalker  
  55  6:14  Stalker  
  55  6:16  Probe  
  55  6:18  Probe  
  61  6:23  Stalker  
  61  6:28  Probe  
  61  6:30  Probe  
  63  6:40  Probe  
  63  6:42  Probe  
  63  6:46  Warp Prism  
  67  6:52  Probe  
  67  6:53  Stalker  
  70  6:59  Pylon  
  70  7:00  Pylon  
  70  7:06  Probe  
  67  7:15  Stalker x2  
  63  7:20  Nexus  
  63  7:21  Probe  
  63  7:22  Probe  
  67  7:30  Stalker  
  67  7:33  Observer  
  67  7:34  Probe x2  
  67  7:36  Pylon  
  72  7:45  Stalker x2  
  72  7:48  Probe  
  72  7:49  Probe  
  78  7:53  Forge  
  78  7:54  Observer  
  79  8:00  Probe  
  79  8:01  Probe  
  79  8:02  Pylon  
  81  8:07  Zealot  
  81  8:09  Zealot  
  81  8:10  Zealot  
  67  8:22  Stalker  
  67  8:23  Stalker  
  67  8:25  Probe  
  68  8:28  Probe  
  68  8:30  Stalker, Assimilator  
  71  8:34  Assimilator  
  71  8:36  Probe  
  72  8:48  Gateway  
  70  8:49  Gateway  
  70  8:51  Gateway  
  70  8:52  Stalker x2  
  68  8:56  Stalker  
Show
View Real Time Build Order
Export as new Build Order

TheNotorious Protoss - Winner!

Build Orders: Phoenix Opening 

Get SALT Encoding   

  12  0:01  Probe  
  13  0:13  Probe  
  14  0:18  Pylon  
  14  0:25  Probe  
  15  0:37  Gateway, Probe (Chrono Boost)  
  16  0:44  Assimilator  
  16  0:49  Probe (Chrono Boost)  
  18  0:58  Probe (Chrono Boost)  
  18  1:02  Gateway  
  18  1:05  Probe  
  19  1:11  Assimilator  
  19  1:17  Probe  
  20  1:27  Cybernetics Core  
  20  1:30  Probe (Chrono Boost)  
  22  1:40  Probe (Chrono Boost)  
  22  1:42  Pylon  
  22  1:45  Probe  
  23  2:03  Adept x2  
  27  2:14  Stargate  
  27  2:21  Pylon  
  27  2:22  Probe  
  28  2:30  Adept  
  28  2:35  Shield Battery  
  30  2:57  Phoenix (Chrono Boost)  
  30  3:16  Robotics Facility  
  30  3:19  Phoenix (Chrono Boost), Shield Battery  
  30  3:22  Zealot  
  34  3:36  Phoenix (Chrono Boost)  
  34  3:42  Pylon  
  34  3:55  Phoenix  
  40  4:10  Zealot  
  40  4:14  Pylon  
  42  4:22  Phoenix (Chrono Boost)  
  42  4:37  Nexus  
  38  4:44  Phoenix  
  40  4:46  Probe  
  40  4:51  Pylon  
  41  4:58  Probe  
  42  5:12  Probe  
  42  5:13  Immortal (Chrono Boost)  
  47  5:24  Probe  
  48  5:28  Assimilator  
  48  5:35  Phoenix  
  48  5:36  Probe  
  51  5:48  Probe  
  52  5:51  Immortal (Chrono Boost)  
  52  5:53  Probe  
  57  5:59  Zealot  
  57  6:03  Probe  
  60  6:05  Probe  
  61  6:11  Phoenix  
  61  6:15  Probe  
  64  6:20  Observer  
  65  6:25  Shield Battery  
  65  6:29  Zealot  
  65  6:32  Probe  
  68  6:34  Probe  
  68  6:35  Pylon  
  67  6:44  Immortal (Chrono Boost)  
  71  6:52  Phoenix  
  73  6:56  Probe  
  74  7:01  Shield Battery  
  65  7:16  Phoenix  
  65  7:17  Immortal (Chrono Boost)  
  65  7:19  Probe  
  65  7:20  Probe  
  73  7:23  Assimilator  
  73  7:30  Pylon  
  73  7:33  Stalker  
  75  7:37  Pylon  
  75  7:41  Probe x2  
  77  7:52  Immortal (Chrono Boost)  
  77  8:09  Phoenix  
  71  8:30  Stargate  
  71  8:32  Immortal (Chrono Boost)  
  71  8:34  Phoenix (Chrono Boost)  
  77  8:43  Robotics Facility  
  77  8:44  Pylon  
Tags
 
Add a new tag
Caveats
  • Supply blocks, unpowered buildings, or Contaminate may cause inaccurate times.
  • Supply counts are checked every 10 seconds.